 Dungeon Crawl Stone Soup version 0.28.0-53-g5a82cb258f (webtiles) character file.

Game seed: 16032770281097066986

90 DocClef the Ducker (level 4, -2/38 HPs)
             Began as a Gnoll Gladiator on June 29, 2022.
             Slain by Pikel
             ... wielding a +1 whip of flaming
              (6 damage)
             ... on level 3 of the Dungeon.
             The game lasted 00:02:11 (2575 turns).

DocClef the Ducker (Gnoll Gladiator)                Turns: 2575, Time: 00:02:12

Health: -2/38      AC:  5    Str: 16    XL:     4   Next: 56%
Magic:  5/5        EV: 13    Int:  7    God:
Gold:   146        SH:  4    Dex: 13    Spells: 5/5 levels left

rFire   . . .      SeeInvis .   a - +0 flail
rCold   . . .      Faith    .   n - +0 buckler
rNeg    . . .      Spirit   .   b - +0 leather armour
rPois   .          Reflect  .   c - +0 helmet
rElec   .          Harm     .   (no cloak)
rCorr   .          Rampage  .   (no gloves)
Will    .....                   m - +0 pair of boots
Stlth   +.........              (no amulet)
HPRegen 0.12/turn               (no ring)
MPRegen 0.09/turn               (no ring)

@: no status effects
A: fangs 1, strong nose, distributed training
a: no special abilities


You were on level 3 of the Dungeon.
You visited 1 branch of the dungeon, and saw 4 of its levels.

You collected 146 gold pieces.

Inventory:

Hand Weapons
 a - a +0 flail (weapon)
Missiles
 d - 3 throwing nets (quivered)
 h - 4 curare-tipped darts
Armour
 b - a +0 leather armour (worn)
 c - a +0 helmet (worn)
 m - a +0 pair of boots (worn)
 n - a +0 buckler (worn)
Jewellery
 j - a ring of see invisible
Scrolls
 i - 3 scrolls of identify {unknown}
 k - a scroll of vulnerability {unknown}
 o - 2 scrolls of teleportation {unknown}
 p - a scroll of torment {unknown}
 r - a scroll of fear {unknown}
Potions
 l - 2 potions of curing


   Skills:
 + Level 4.6 Fighting
 + Level 1.2 Short Blades
 + Level 1.2 Long Blades
 + Level 1.2 Axes
 + Level 6.6 Maces & Flails
 + Level 1.2 Polearms
 + Level 1.2 Staves
 + Level 1.2 Slings
 + Level 1.2 Bows
 + Level 1.2 Crossbows
 + Level 4.6 Throwing
 + Level 1.2 Armour
 + Level 6.6 Dodging
 + Level 1.2 Stealth
 + Level 1.2 Shields
 + Level 1.2 Unarmed Combat
 + Level 1.2 Spellcasting
 + Level 1.0 Conjurations
 + Level 1.0 Hexes
 + Level 1.0 Summonings
 + Level 1.0 Necromancy
 + Level 1.0 Translocations
 + Level 1.0 Transmutations
 + Level 1.0 Fire Magic
 + Level 1.0 Ice Magic
 + Level 1.0 Air Magic
 + Level 1.0 Earth Magic
 + Level 1.0 Poison Magic
 + Level 1.3 Invocations
 + Level 1.2 Evocations


You had 5 spell levels left.
You didn't know any spells.
Your spell library was empty.

Dungeon Overview and Level Annotations

Branches:
Dungeon (4/15)
 Temple: D:4-7

Altars:
Ashenzari
Cheibriados

Shops:
D:3 *

Annotations:
D:3 Pikel


Innate Abilities, Weirdness & Mutations

You have very sharp teeth.
Your uncanny sense of smell can sniff out nearby items.
Your experience applies equally to all skills.


Message History

Pikel closely misses you.
You barely miss Pikel.
Pikel is lightly wounded.
Pikel hits you with a +1 whip of flaming.
* * * LOW HITPOINT WARNING * * *
Pikel burns you.
* * * LOW HITPOINT WARNING * * *
You block Pikel's attack.
It was a potion of lignification.
You turn into a tree.
Your +0 helmet melds into your body.
Your +0 pair of boots melds into your body.
Your +0 leather armour melds into your body.
Your roots penetrate the ground.
Pikel hits you with a +1 whip of flaming.
* * * LOW HITPOINT WARNING * * *
Pikel burns you.
* * * LOW HITPOINT WARNING * * *
It was a potion of brilliance.
You feel clever all of a sudden. Pikel hits you but does no damage.
It was a potion of curing.
You feel better. You block Pikel's attack.
It was a potion of cancellation.
Your magical effects are unravelling.
You feel magically purged.
You feel less wooden.
Your +0 helmet unmelds from your body.
Your +0 pair of boots unmelds from your body.
Your +0 leather armour unmelds from your body.
You feel a little less clever now.
Pikel hits you with a +1 whip of flaming.
* * * LOW HITPOINT WARNING * * *
Pikel burns you.
* * * LOW HITPOINT WARNING * * *
As you read the scroll labelled JUORCH GEOL, it crumbles to dust.
It is a scroll of amnesia.
You feel forgetful for a moment. You block Pikel's attack.
You closely miss Pikel. You bite Pikel, but do no damage.
Pikel is lightly wounded.
Pikel hits you with a +1 whip of flaming.
You die...

#.#########################. #.#
#. ##.### ######## #########.
#####....# #......####.........
.........# ##.#............###.
≈≈≈≈≈≈.#.# #.#.#####.####.# #.
≈≈≈≈...#.# #.#.# ##.#.###.###.
_....8...######.#.###.###........
≈≈≈≈...#.......K@......#.###.##..
≈≈≈≈≈≈..#######.....###.## #.##..
.†......# ###.....### #.####
####..#.## #.###.######.#
.........# #.# #.......[##
#######..# #.###.######..#
###..########.....# ##.##
#...............### #..#
#.#..####.####### ###.##


You could see Pikel.

Vanquished Creatures
  4 adders (D:2)
  A dart slug (D:3)
  4 bats
  3 endoplasms
  2 giant cockroaches
  5 goblins
  4 hobgoblins
  3 jackals (D:1)
  8 quokkas
  4 ball pythons
  2 frilled lizards
  3 kobolds
  5 rats
48 creatures vanquished.

Notes
Turn   | Place    | Note
-------+----------+-------------------------------------------
     0 | D:1      | DocClef the Gnoll Gladiator began the quest for the Orb.
     0 | D:1      | Reached XP level 1. HP: 20/20 MP: 1/1
   181 | D:1      | Reached XP level 2. HP: 24/26 MP: 2/2
   843 | D:2      | Reached XP level 3. HP: 21/31 MP: 3/3
  1012 | D:2      | Reached skill level 1 in Invocations
  1319 | D:2      | Reached skill level 1 in Short Blades
  1319 | D:2      | Reached skill level 1 in Long Blades
  1319 | D:2      | Reached skill level 1 in Axes
  1319 | D:2      | Reached skill level 1 in Polearms
  1319 | D:2      | Reached skill level 1 in Staves
  1319 | D:2      | Reached skill level 1 in Slings
  1319 | D:2      | Reached skill level 1 in Bows
  1319 | D:2      | Reached skill level 1 in Crossbows
  1319 | D:2      | Reached skill level 1 in Armour
  1319 | D:2      | Reached skill level 1 in Stealth
  1319 | D:2      | Reached skill level 1 in Shields
  1319 | D:2      | Reached skill level 1 in Unarmed Combat
  1319 | D:2      | Reached skill level 1 in Spellcasting
  1319 | D:2      | Reached skill level 1 in Evocations
  1484 | D:2      | Reached XP level 4. HP: 37/38 MP: 5/5
  1768 | D:3      | Found a faded altar of an unknown god.
  2164 | D:3      | Found Usyg's Assorted Antiques.
  2252 | D:3      | Reached skill level 1 in Conjurations
  2252 | D:3      | Reached skill level 1 in Hexes
  2252 | D:3      | Reached skill level 1 in Summonings
  2252 | D:3      | Reached skill level 1 in Necromancy
  2252 | D:3      | Reached skill level 1 in Translocations
  2252 | D:3      | Reached skill level 1 in Transmutations
  2252 | D:3      | Reached skill level 1 in Fire Magic
  2252 | D:3      | Reached skill level 1 in Ice Magic
  2252 | D:3      | Reached skill level 1 in Air Magic
  2252 | D:3      | Reached skill level 1 in Earth Magic
  2252 | D:3      | Reached skill level 1 in Poison Magic
  2306 | D:3      | Found a broken altar of Ashenzari.
  2360 | D:3      | Found a snail-covered altar of Cheibriados.
  2549 | D:4      | Noticed a lemure
  2550 | D:4      | Noticed Pikel
  2550 | D:4      | Noticed a lemure
  2552 | D:4      | Noticed a lemure
  2560 | D:4      | Noticed a lemure
  2575 | D:3      | Slain by Pikel

Illustrated notes

Levels and vault maps discovered:
D:1:      evilmike_arrival_hilbert_curve, layout_basic
D:2:      layout_loops_ring, minmay_three_crescents
D:3:      layout_loops_ring, mainiacjoe_overflow_catwalk,
          mainiacjoe_overflow_alcove_2, serial_shops, nicolae_lakefront_shop,
          ebering_ecumenical_altar_sacrificial, minmay_misc_feat_tiny,
          hex_large, roderic_roman_lattice
D:4:      layout_cave_pools, serial_bayou_lake_a, uniq_pikel

Skill      XL: |  1  2  3  4 |
---------------+-------------+-----
Invocations    | 1 |  1.3
Short Blades   | 1 |  1.2
Long Blades    | 1 |  1.2
Axes           | 1 |  1.2
Polearms       | 1 |  1.2
Staves         | 1 |  1.2
Slings         | 1 |  1.2
Bows           | 1 |  1.2
Crossbows      | 1 |  1.2
Armour         | 1 |  1.2
Stealth        | 1 |  1.2
Shields        | 1 |  1.2
Unarmed Combat | 1 |  1.2
Spellcasting   | 1 |  1.2
Evocations     | 1 |  1.2
Conjurations   | 1 |  1.0
Hexes          | 1 |  1.0
Summonings     | 1 |  1.0
Necromancy     | 1 |  1.0
Translocations | 1 |  1.0
Transmutations | 1 |  1.0
Fire Magic     | 1 |  1.0
Ice Magic      | 1 |  1.0
Air Magic      | 1 |  1.0
Earth Magic    | 1 |  1.0
Poison Magic   | 1 |  1.0
Fighting       | |  4.6
Maces & Flails | |  6.6
Throwing       | |  4.6
Dodging        | |  6.6

Action                   |  1- 3 |  4- 6 || total
-------------------------+-------+-------++-------
Melee: Flail             |   100 |    47 ||   147
       Bite              |     9 |     5 ||    14
  Use: Potion            |       |     4 ||     4
       Scroll            |       |     1 ||     1
 Stab: Sleeping          |       |     3 ||     3
Armor: Leather armour    |    34 |    10 ||    44
       Skin              |       |     1 ||     1
Dodge: Dodged            |   100 |    29 ||   129
Block: Buckler           |       |    11 ||    11
